AoeStats
← KootH.

Arabia

506258353Analyzed
4v4 RM · 19d ago on Sep 12, 2026· 39m 29s· 8 players
Game mode
Random Map
Map size
Large (8 player)
Population
200
Speed
Normal
Resources
Standard
Victory
Conquest
Starting age
Dark Age
Ending age
Imperial Age
RankedLock teamsTeams togetherTeam positionsShared explorationLock speedFull tech treeHidden civsTurbo modeCheats
Victory
Defeat
🇨🇴 Celts · Colombia
1439
+12
🇦🇷 Saracens · Argentina
1418
+13
🇨🇴 Poles · Colombia
1417
+13
🇲🇽 Lithuanians · Mexico
1371
+14
🇵🇱 Britons · Poland
1406
-15
🇵🇹 Portuguese · Portugal
1368
-14
🇲🇽 Tatars · Mexico
1315
-12
🇬🇧 Vikings · United Kingdom
1282
-11
dL
8:34 Loom
11:24 Feudal Age
15:36 Castle Age
14:24 Double-Bit Axe
14:21 Horse Collar
23:35 Forging
23:31 Scale Barding Armor
26:02 Bloodlines
28:15 Chain Barding Armor
31:56 Iron Casting
31:53 Husbandry
32:47 Wheelbarrow
32:41 Bow Saw
36:57 Gold Mining
DSLG | Rommel
7:39 Loom
10:18 Feudal Age
10:27 Man-at-Arms
25:06 Fletching
31:50 Padded Archer Armor
35:56 Town Watch
36:52 Wheelbarrow
Blue
7:43 Loom
10:22 Feudal Age
18:29 Castle Age
16:38 Double-Bit Axe
16:43 Horse Collar
17:59 Scale Barding Armor
22:50 Forging
25:08 Chain Barding Armor
26:28 Gold Mining
26:51 Bow Saw
hlebyakhnitski
5:55 Loom
9:17 Feudal Age
9:42 Double-Bit Axe
20:32 Fletching
22:08 Wheelbarrow
22:25 Padded Archer Armor
26:38 Castle Age
24:59 Horse Collar
26:58 Crossbowman
27:41 Bodkin Arrow
33:09 Leather Archer Armor
Bad Panda
6:40 Loom
8:49 Feudal Age
9:30 Double-Bit Axe
23:46 Castle Age
22:41 Scale Barding Armor
22:46 Forging
23:55 Bloodlines
24:41 Husbandry
25:22 Iron Casting
25:33 Wheelbarrow
27:40 Chain Barding Armor
41:48 Imperial Age
Viva Cristo
6:10 Loom
9:46 Feudal Age
15:30 Double-Bit Axe
21:05 Fletching
25:14 Castle Age
23:56 Gold Mining
25:34 Crossbowman
29:34 Horse Collar
30:31 Padded Archer Armor
31:42 Bodkin Arrow
34:05 Ballistics
35:14 Thumb Ring
37:07 Wheelbarrow
MuyFloji
6:45 Loom
9:04 Feudal Age
18:14 Fletching
23:20 Castle Age
23:24 Padded Archer Armor
23:27 Crossbowman
24:03 Bodkin Arrow
25:20 Double-Bit Axe
26:52 Bow Saw
26:23 Horse Collar
32:21 Leather Archer Armor
32:19 Thumb Ring
41:38 Imperial Age
KootH.
6:54 Loom
9:18 Feudal Age
9:53 Double-Bit Axe
9:55 Horse Collar
18:19 Wheelbarrow
17:57 Forging
18:09 Padded Archer Armor
19:08 Scale Barding Armor
22:24 Castle Age
20:33 Man-at-Arms
21:16 Scale Mail Armor
22:27 Long Swordsman
23:37 Husbandry
25:05 Bow Saw
33:58 Iron Casting
36:21 Chain Barding Armor
Connection lost

Rejoining the realm…

Still unreachable

The connection could not be restored.

Session expired

The server has moved on; the page needs a fresh start.